[ AOE2 MATCH · #505462835 ]
UnrankedIncas vs Lithuanians
Player's team · LOSS
[ REPLAY ANALYSIS · EXTRACTED FROM THE RECORDED GAME ]
Feudal
12:20
Castle
21:06
Imperial
—
| APM avg | 57.9 |
| APM peak | 83 |
| eAPM avg | 27.8 |
| Villagers / military | 67 / 17 |
Focus
⚔️ 51.7% · 🌾 48.3%
Unknown (2550) ×27 · Spearman ×9 · Scorpion ×6 · Battering Ram ×2
Feudal
8:03
Castle
19:55
Imperial
—
| APM avg | 68.5 |
| APM peak | 124 |
| eAPM avg | 22.4 |
| Villagers / military | 77 / 40 |
Focus
⚔️ 46.5% · 🌾 53.5%
Cavalry Archer ×25 · Scout Cavalry ×9 · Archer ×3 · Mangonel ×3
Match map
Initial resources + every placement click. Lines = walls · curves = elevation contours. ◆ gold · ⬟ stone · ● berries · ✦ relic · ◌ wall gap
Your base· ✓ Closed at 21:06 · 54t walls · no gate
Tobinger's base· ✓ Closed at 19:55 · 55t walls · no gate
Smoothed initial terrain · ◌ = detected wall gap · hover for details
Inputs per minute
— The nicest husband - - Tobinger
Build order — The nicest husband
First 150 of 187 actions detected
| 0:01 | Queue | Villager (Male) ×4 |
| 0:02 | Build | House |
| 0:03 | Build | House |
| 1:27 | Queue | Villager (Male) |
| 1:45 | Build | Settlement |
| 2:00 | Queue | Villager (Male) |
| 2:28 | Queue | Villager (Male) |
| 2:50 | Queue | Villager (Male) |
| 3:20 | Queue | Villager (Male) |
| 3:45 | Queue | Villager (Male) |
| 4:15 | Queue | Villager (Male) |
| 4:17 | Queue | Villager (Male) |
| 4:53 | Build | Barracks |
| 5:07 | Queue | Villager (Male) |
| 5:32 | Queue | Villager (Male) |
| 5:55 | Build | Palisade Wall |
| 5:56 | Build | Palisade Wall |
| 5:57 | Queue | Unit 2550 ×2 |
| 6:02 | Queue | Villager (Male) |
| 6:04 | Queue | Unit 2550 |
| 6:24 | Queue | Villager (Male) |
| 6:29 | Build | House |
| 6:31 | Build | Palisade Wall |
| 6:37 | Build | Palisade Wall |
| 6:42 | Queue | Villager (Male) |
| 7:03 | Build | Palisade Wall |
| 7:19 | Queue | Villager (Male) |
| 7:38 | Queue | Villager (Male) |
| 7:39 | Queue | Villager (Male) |
| 8:20 | Build | Palisade Wall |
| 8:23 | Queue | Villager (Male) |
| 9:14 | Queue | Villager (Male) |
| 9:44 | Research | Loom |
| 9:49 | Build | Settlement |
| 10:10 | Research | Feudal Age |
| 10:43 | Queue | Unit 2550 |
| 10:43 | Queue | Unit 2550 |
| 10:58 | Build | Farm |
| 11:01 | Build | Farm |
| 11:05 | Build | Farm |
| 11:51 | Queue | Unit 2550 |
| 12:00 | Build | Farm |
| 12:20 | Age | Feudal Age |
| 12:21 | Queue | Villager (Male) |
| 12:22 | Research | Tech 1402 |
| 12:24 | Queue | Spearman |
| 12:39 | Research | Double-Bit Axe |
| 12:40 | Queue | Villager (Male) |
| 12:41 | Build | Farm |
| 13:03 | Queue | Villager (Male) |
| 13:05 | Build | Farm |
| 13:11 | Build | Farm |
| 13:20 | Queue | Villager (Male) |
| 13:32 | Research | Arson |
| 13:37 | Queue | Villager (Male) |
| 13:41 | Build | Farm |
| 14:00 | Queue | Villager (Male) |
| 14:10 | Build | Farm |
| 14:13 | Build | Farm |
| 14:17 | Queue | Villager (Male) |
| 14:18 | Queue | Villager (Male) |
| 14:21 | Queue | Spearman |
| 14:33 | Queue | Spearman |
| 14:34 | Queue | Villager (Male) |
| 14:41 | Build | Blacksmith |
| 14:46 | Queue | Spearman |
| 14:55 | Queue | Villager (Male) |
| 15:08 | Research | Padded Archer Armor |
| 15:10 | Research | Scale Mail Armor |
| 15:19 | Queue | Villager (Male) |
| 15:22 | Build | Farm |
| 15:24 | Build | Farm |
| 15:41 | Build | Farm |
| 15:42 | Build | Farm |
| 16:04 | Build | Farm |
| 16:12 | Queue | Spearman |
| 16:13 | Queue | Villager (Male) |
| 16:21 | Build | Palisade Wall |
| 16:27 | Build | Palisade Wall |
| 16:40 | Queue | Unit 2550 |
| 16:43 | Build | Farm |
| 16:50 | Build | Farm |
| 17:13 | Queue | Spearman |
| 17:28 | Build | Market |
| 17:29 | Queue | Spearman |
| 17:46 | Queue | Villager (Male) |
| 18:06 | Queue | Unit 2550 |
| 18:08 | Queue | Villager (Male) |
| 18:26 | Research | Castle Age |
| 19:00 | Build | Barracks |
| 19:11 | Build | House |
| 19:16 | Build | House |
| 19:18 | Build | House |
| 19:24 | Research | Horse Collar |
| 19:25 | Queue | Unit 2550 |
| 19:25 | Queue | Unit 2550 |
| 20:04 | Queue | Unit 2550 |
| 20:04 | Queue | Unit 2550 |
| 20:04 | Queue | Spearman |
| 20:26 | Build | Farm |
| 20:34 | Queue | Unit 2550 |
| 20:35 | Queue | Unit 2550 |
| 20:52 | Queue | Spearman |
| 21:06 | Age | Castle Age |
| 21:14 | Research | Fletching |
| 21:16 | Research | Chain Mail Armor |
| 21:18 | Research | Squires |
| 21:23 | Queue | Villager (Male) |
| 21:36 | Build | Town Center |
| 21:39 | Research | Town Watch |
| 21:54 | Queue | Villager (Male) |
| 21:58 | Build | Farm |
| 22:06 | Research | Tech 1351 |
| 22:16 | Queue | Villager (Male) |
| 22:28 | Queue | Unit 2550 |
| 22:29 | Queue | Unit 2550 |
| 22:46 | Research | Forging |
| 22:52 | Research | Chain Mail Armor |
| 22:54 | Queue | Villager (Male) |
| 22:55 | Queue | Villager (Male) |
| 23:25 | Research | Forging |
| 23:33 | Queue | Villager (Male) |
| 23:41 | Queue | Villager (Male) |
| 23:54 | Queue | Villager (Male) |
| 23:54 | Queue | Villager (Male) |
| 24:04 | Build | Siege Workshop |
| 24:15 | Queue | Villager (Male) |
| 24:16 | Queue | Villager (Male) |
| 24:26 | Queue | Unit 2550 |
| 24:29 | Queue | Villager (Male) |
| 24:44 | Queue | Scorpion |
| 24:44 | Queue | Scorpion |
| 24:52 | Queue | Villager (Male) |
| 24:52 | Queue | Villager (Male) |
| 25:06 | Queue | Villager (Male) |
| 25:06 | Queue | Villager (Male) |
| 25:09 | Queue | Scorpion |
| 25:15 | Queue | Unit 2550 |
| 25:27 | Queue | Unit 2550 |
| 25:35 | Queue | Villager (Male) |
| 25:43 | Queue | Villager (Male) |
| 26:00 | Queue | Villager (Male) |
| 26:00 | Queue | Villager (Male) |
| 26:06 | Queue | Battering Ram |
| 26:17 | Queue | Villager (Male) |
| 26:19 | Queue | Scorpion |
| 26:23 | Queue | Scorpion |
| 26:28 | Queue | Villager (Male) |
| 26:31 | Queue | Villager (Male) |
| 26:45 | Build | House |
Build order — Tobinger
First 150 of 225 actions detected
| 0:00 | Queue | Villager (Male) ×5 |
| 0:01 | Build | House |
| 0:02 | Build | House |
| 0:12 | Queue | Villager (Male) |
| 1:23 | Queue | Villager (Male) |
| 1:54 | Queue | Villager (Male) |
| 2:48 | Build | Lumber Camp |
| 2:52 | Queue | Villager (Male) |
| 3:30 | Queue | Villager (Male) |
| 3:31 | Queue | Villager (Male) |
| 3:31 | Queue | Villager (Male) |
| 3:35 | Build | House |
| 4:08 | Queue | Villager (Male) |
| 4:16 | Queue | Villager (Male) |
| 4:19 | Queue | Villager (Male) |
| 4:50 | Queue | Villager (Male) |
| 5:07 | Build | Mill |
| 5:53 | Research | Feudal Age |
| 5:54 | Research | Loom |
| 7:04 | Build | House |
| 7:22 | Build | Barracks |
| 7:59 | Build | Palisade Wall |
| 8:03 | Age | Feudal Age |
| 8:06 | Research | Double-Bit Axe |
| 8:08 | Queue | Villager (Male) |
| 8:38 | Build | Stable |
| 8:39 | Queue | Villager (Male) |
| 8:40 | Queue | Villager (Male) |
| 9:10 | Build | House |
| 9:16 | Build | Palisade Wall |
| 9:29 | Queue | Scout Cavalry |
| 9:29 | Queue | Scout Cavalry |
| 9:35 | Build | Palisade Wall |
| 9:36 | Build | Palisade Wall |
| 9:38 | Build | Palisade Wall |
| 9:40 | Build | Palisade Wall |
| 9:44 | Queue | Villager (Male) |
| 9:54 | Queue | Villager (Male) |
| 9:57 | Build | Palisade Wall |
| 10:06 | Build | Palisade Wall |
| 10:07 | Build | Palisade Wall |
| 10:09 | Build | Palisade Wall |
| 10:13 | Build | Palisade Wall |
| 10:17 | Build | Palisade Wall |
| 10:26 | Build | Farm |
| 10:30 | Build | Farm |
| 10:35 | Queue | Villager (Male) |
| 10:43 | Build | House |
| 10:56 | Build | Farm |
| 10:57 | Queue | Villager (Male) |
| 11:00 | Build | Farm |
| 11:00 | Queue | Villager (Male) |
| 11:03 | Build | Farm |
| 11:18 | Queue | Scout Cavalry |
| 11:18 | Queue | Scout Cavalry |
| 11:25 | Build | House |
| 11:39 | Queue | Villager (Male) |
| 11:42 | Build | Palisade Wall |
| 11:50 | Build | Palisade Wall |
| 11:52 | Build | Palisade Wall |
| 11:53 | Build | Palisade Wall |
| 11:55 | Build | Farm |
| 11:56 | Queue | Villager (Male) |
| 12:05 | Build | Farm |
| 12:07 | Queue | Scout Cavalry |
| 12:22 | Build | Farm |
| 12:28 | Queue | Villager (Male) |
| 12:45 | Queue | Villager (Male) |
| 12:47 | Build | Palisade Wall |
| 13:05 | Build | Palisade Wall |
| 13:14 | Build | Palisade Wall |
| 13:16 | Build | Palisade Wall |
| 13:17 | Queue | Villager (Male) |
| 13:27 | Queue | Villager (Male) |
| 13:35 | Build | Farm |
| 13:41 | Build | Blacksmith |
| 13:51 | Build | House |
| 13:59 | Build | House |
| 14:10 | Build | Palisade Wall |
| 14:12 | Queue | Villager (Male) |
| 14:14 | Build | Farm |
| 14:16 | Build | Farm |
| 14:23 | Queue | Scout Cavalry |
| 14:36 | Build | Farm |
| 14:40 | Queue | Villager (Male) |
| 14:46 | Queue | Scout Cavalry |
| 15:02 | Build | Palisade Wall |
| 15:04 | Build | Palisade Wall |
| 15:07 | Queue | Villager (Male) |
| 15:21 | Build | Mining Camp |
| 15:33 | Queue | Villager (Male) |
| 15:53 | Queue | Villager (Male) |
| 15:57 | Queue | Scout Cavalry |
| 15:58 | Queue | Scout Cavalry |
| 16:01 | Build | Farm |
| 16:03 | Build | Farm |
| 16:10 | Queue | Villager (Male) |
| 16:16 | Build | Archery Range |
| 16:37 | Build | House |
| 16:43 | Queue | Villager (Male) |
| 17:00 | Queue | Archer |
| 17:03 | Research | Castle Age |
| 17:17 | Research | Gold Mining |
| 17:23 | Queue | Archer |
| 17:28 | Build | Palisade Wall |
| 17:30 | Build | Palisade Wall |
| 17:32 | Build | Palisade Wall |
| 17:50 | Queue | Archer |
| 17:54 | Research | Horse Collar |
| 18:08 | Research | Fletching |
| 18:43 | Research | Bloodlines |
| 19:00 | Build | Palisade Wall |
| 19:55 | Age | Castle Age |
| 20:00 | Queue | Villager (Male) |
| 20:03 | Build | Town Center |
| 20:06 | Queue | Cavalry Archer |
| 20:07 | Build | Archery Range |
| 20:09 | Research | Bodkin Arrow |
| 20:21 | Queue | Villager (Male) |
| 20:22 | Queue | Cavalry Archer |
| 20:26 | Research | Husbandry |
| 20:30 | Queue | Villager (Male) |
| 20:35 | Build | Farm |
| 20:48 | Queue | Cavalry Archer |
| 20:57 | Queue | Villager (Male) |
| 21:00 | Queue | Cavalry Archer |
| 21:19 | Queue | Villager (Male) |
| 21:34 | Queue | Cavalry Archer |
| 21:45 | Queue | Villager (Male) |
| 21:46 | Queue | Cavalry Archer |
| 21:57 | Queue | Cavalry Archer |
| 22:01 | Queue | Villager (Male) |
| 22:06 | Queue | Villager (Male) |
| 22:24 | Queue | Cavalry Archer |
| 22:26 | Queue | Villager (Male) |
| 22:28 | Build | House |
| 22:29 | Build | House |
| 22:32 | Queue | Cavalry Archer |
| 22:33 | Research | Wheelbarrow |
| 22:51 | Queue | Villager (Male) |
| 22:56 | Build | Town Center |
| 22:57 | Queue | Villager (Male) |
| 23:03 | Queue | Cavalry Archer |
| 23:29 | Queue | Villager (Male) |
| 23:30 | Queue | Villager (Male) |
| 23:30 | Queue | Cavalry Archer |
| 23:35 | Build | House |
| 23:37 | Build | House |
| 23:38 | Queue | Villager (Male) |
| 23:46 | Queue | Cavalry Archer |
Match timeline
| 4:53 | The nicest husband · first_building Barracks |
| 5:55 | The nicest husband · wall_segment Palisade Wall x5 |
| 5:56 | The nicest husband · wall_segment Palisade Wall x7 |
| 6:31 | The nicest husband · wall_segment Palisade Wall x15 |
| 6:37 | The nicest husband · wall_segment Palisade Wall x12 |
| 7:03 | The nicest husband · wall_segment Palisade Wall x5 |
| 7:22 | Tobinger · first_building Barracks |
| 7:59 | Tobinger · wall_segment Palisade Wall x1 |
| 8:03 | Tobinger · age_up feudal |
| 8:20 | The nicest husband · wall_segment Palisade Wall x9 |
| 8:38 | Tobinger · first_building Stable |
| 9:16 | Tobinger · wall_segment Palisade Wall x1 |
| 9:35 | Tobinger · wall_segment Palisade Wall x1 |
| 9:36 | Tobinger · wall_segment Palisade Wall x1 |
| 9:38 | Tobinger · wall_segment Palisade Wall x1 |
| 9:40 | Tobinger · wall_segment Palisade Wall x1 |
| 9:57 | Tobinger · wall_segment Palisade Wall x1 |
| 10:06 | Tobinger · wall_segment Palisade Wall x1 |
| 10:07 | Tobinger · wall_segment Palisade Wall x1 |
| 10:09 | Tobinger · wall_segment Palisade Wall x1 |
| 10:13 | Tobinger · wall_segment Palisade Wall x3 |
| 10:17 | Tobinger · wall_segment Palisade Wall x1 |
| 11:42 | Tobinger · wall_segment Palisade Wall x5 |
| 11:50 | Tobinger · wall_segment Palisade Wall x1 |
| 11:52 | Tobinger · wall_segment Palisade Wall x7 |
| 11:53 | Tobinger · wall_segment Palisade Wall x1 |
| 12:20 | The nicest husband · age_up feudal |
| 12:47 | Tobinger · wall_segment Palisade Wall x5 |
| 13:05 | Tobinger · wall_segment Palisade Wall x4 |
| 13:14 | Tobinger · wall_segment Palisade Wall x8 |
| 13:16 | Tobinger · wall_segment Palisade Wall x4 |
| 14:10 | Tobinger · wall_segment Palisade Wall x1 |
| 15:02 | Tobinger · wall_segment Palisade Wall x1 |
| 15:04 | Tobinger · wall_segment Palisade Wall x1 |
| 16:16 | Tobinger · first_building Archery Range |
| 16:21 | The nicest husband · wall_segment Palisade Wall x2 |
| 16:27 | The nicest husband · wall_segment Palisade Wall x1 |
| 17:28 | Tobinger · wall_segment Palisade Wall x1 |
| 17:30 | Tobinger · wall_segment Palisade Wall x1 |
| 17:32 | Tobinger · wall_segment Palisade Wall x1 |
| 18:18 | The nicest husband · first_market_buy 100 food |
| 19:00 | Tobinger · wall_segment Palisade Wall x1 |
| 19:55 | Tobinger · age_up castle |
| 21:06 | The nicest husband · age_up castle |
| 21:13 | The nicest husband · first_market_sell 100 food |
| 24:04 | The nicest husband · first_building Siege Workshop |
| 26:15 | Tobinger · first_building Siege Workshop |
| 29:32 | Tobinger · first_building Monastery |
| 29:32 | The nicest husband · resign |
[ AI ANALYSIS · 1 CREDIT ]
What really happened in this match?
Wolo.gg analyzes every decision: build order, eco, micro, common mistakes by bracket. Personalized analysis on WhatsApp or Discord in 30 seconds.
Civ guide
Incas
Perfil
The nicest husband